 Dungeon Crawl Stone Soup version 0.29.1-2-gbd0b4ee654 (webtiles) character file.

Game seed: 14131284818517670281

457 Goreval the Insei (level 7, -4/61 HPs)
             Began as a Naga Transmuter on Nov 20, 2022.
             Slain by an ice beast (12 damage)
             ... on level 5 of the Dungeon.
             The game lasted 00:09:32 (4730 turns).

Goreval the Insei (Naga Transmuter)                 Turns: 4730, Time: 00:09:32

Health: -4/61      AC:  3    Str: 12    XL:     7   Next: 6%
Magic:  9/11       EV: 10    Int: 15    God:
Gold:   311        SH:  0    Dex: 12    Spells: 5/11 levels left

rFire   . . .      SeeInvis +     - Unarmed
rCold   . . .      Faith    .   (no shield)
rNeg    . . .      Spirit   .   a - +0 robe
rPois   +          Reflect  .   (helmet currently unavailable)
rElec   .          Harm     .   (no cloak)
rCorr   .          Rampage  .   (no gloves)
Will    .....                   (no barding)
Stlth   +.........              (no amulet)
HPRegen 0.20/turn               (no ring)
MPRegen 0.12/turn               (no ring)

@: appendages, wereblooded, very slow
A: horns 2, AC +2, large, see invisible, deformed body, poison resistance,
slowness 2, spit poison 1, naga tail 1
a: Spit Poison, End Transformation


You were on level 5 of the Dungeon.
You had temporarily grown beastly horns.
You visited 1 branch of the dungeon, and saw 5 of its levels.

You collected 311 gold pieces.

Inventory:

Missiles
 j - 5 throwing nets
 m - 21 stones
Armour
 a - a +0 robe (worn)
 f - a +0 helmet (melded)
 x - a +0 cloak
Scrolls
 c - 4 scrolls of teleportation {unknown}
 d - 2 scrolls of poison {unknown}
 h - 2 scrolls of enchant armour {unknown}
 i - a scroll of magic mapping {unknown}
 k - 2 scrolls of fear {unknown}
 o - a scroll of butterflies {unknown}
 p - a scroll of enchant weapon {unknown}
 u - 3 scrolls of identify {unknown}
 w - a scroll of vulnerability {unknown}
Potions
 b - 2 potions of lignification
 e - a potion of ambrosia {unknown}
 g - a potion of curing {unknown}
 l - a potion of berserk rage {unknown}
 n - a potion of magic {unknown}
 q - a potion of flight {unknown}
 r - a potion of brilliance {unknown}
 s - a potion of haste {unknown}
 t - a potion of attraction {unknown}
 v - a potion of resistance {unknown}


   Skills:
 + Level 2.4 Fighting
 + Level 2.4 Dodging
 * Level 4.5 Unarmed Combat
 + Level 2.9 Spellcasting
 * Level 4.0 Transmutations
 + Level 3.4 Poison Magic


You had 5 spell levels left.
You knew the following spells:

 Your Spells              Type           Power      Damage    Failure   Level
a - Beastly Appendage     Tmut           28%        N/A       3%          1
b - Wereblood             Tmut           14%        N/A       6%          2
c - Spider Form           Tmut/Pois      13%        N/A       13%         3

Your spell library contained the following spells:

 Spells                   Type           Power      Damage    Failure   Level
 Passwall                 Tmut/Erth      6%         N/A       14%         2
 Sandblast                Erth           4%         2d4       21%         1
 Stone Arrow              Conj/Erth      4%         3d7       52%         3
 Ice Form                 Ice/Tmut       8%         N/A       65%         4


Dungeon Overview and Level Annotations

Branches:
Dungeon (5/15)
 Temple: D:4-7

Altars:
Xom

Shops:
D:4 *


Innate Abilities, Weirdness & Mutations

You have temporarily grown beastly horns.
Your serpentine skin is tough. (AC +2)
You have supernaturally acute eyesight. (SInv)
Armour fits poorly on your strangely shaped body.
Your system is resistant to poisons. (rPois)
You cover ground very slowly.
You can spit poison.
You have a snake-like lower body.


Message History

You now have 311 gold pieces (gained 16).
An ice beast comes into view.
Found a stone staircase leading down.
Okay, then.
You grow a pair of large bovine horns.
Your +0 helmet melds into your body.
Your blood is infused with primal strength.
You hit the ice beast but do no damage. The ice beast hits you.
The ice beast freezes you!
You closely miss the ice beast. Your headbutt misses the ice beast.
The ice beast closely misses you.
Unknown command.
You hit the ice beast. You headbutt the ice beast.
Your punch misses the ice beast.
The ice beast hits you but does no damage.
You hit the ice beast but do no damage. The ice beast hits you.
The ice beast freezes you!
You hit the ice beast. The ice beast hits you. The ice beast freezes you!
You hit the ice beast. The ice beast closely misses you.
You hit the ice beast. You barely miss the ice beast.
Your headbutt misses the ice beast. The ice beast completely misses you.
You hit the ice beast but do no damage. Your headbutt misses the ice beast.
The ice beast barely misses you.
You hit the ice beast but do no damage.
The ice beast hits you but does no damage.
You barely miss the ice beast.
You headbutt the ice beast, but do no damage.
The ice beast hits you. The ice beast freezes you!
* * * LOW HITPOINT WARNING * * *
You hit the ice beast but do no damage. The ice beast barely misses you.
You hit the ice beast but do no damage. Your headbutt misses the ice beast.
The ice beast hits you.
* * * LOW HITPOINT WARNING * * *
The ice beast freezes you.
* * * LOW HITPOINT WARNING * * *
You closely miss the ice beast. You headbutt the ice beast!
The ice beast hits you.
* * * LOW HITPOINT WARNING * * *
The ice beast freezes you!
You die...

#### ######
...##....
#......#
......####
###.......
#......#
#.....@#
#...##.##Y.....#
## #.# >######
#.# .# #.# .#
#.# .# ##.# .#
#..# .# #.##


You could see an ice beast.

Vanquished Creatures
  An ogre (D:4)
  A phantom (D:5)
  A scorpion (D:3)
  3 hounds (D:4)
  Crazy Yiuf (D:2)
  Terence (D:2)
  2 adders (D:4)
  A worm (D:4)
  2 dart slugs
  4 orcs
  6 endoplasms
  5 giant cockroaches
  6 goblins
  6 hobgoblins
  5 jackals
  A quokka (D:2)
  4 ball pythons
  5 bats
  4 frilled lizards
  7 kobolds
  5 rats
71 creatures vanquished.

Notes
Turn   | Place    | Note
-------+----------+-------------------------------------------
     0 | D:1      | Goreval the Naga Transmuter began the quest for the Orb.
     0 | D:1      | Reached XP level 1. HP: 18/18 MP: 3/3
   320 | D:1      | Reached XP level 2. HP: 19/25 MP: 3/5
   396 | D:1      | Learned a level 2 spell: Wereblood
  1166 | D:2      | Reached skill level 1 in Poison Magic
  1166 | D:2      | Reached XP level 3. HP: 31/31 MP: 6/6
  1204 | D:2      | Noticed Terence
  1490 | D:2      | Found a shimmering altar of Xom.
  2009 | D:2      | Found a runed translucent door.
  2010 | D:2      | Noticed Crazy Yiuf
  2017 | D:2      | Learned a level 3 spell: Spider Form
  2172 | D:3      | Noticed a scorpion
  2392 | D:3      | Reached XP level 4. HP: 35/38 MP: 5/7
  3253 | D:4      | Found Vierrev's Neck Hole.
  3311 | D:4      | Reached XP level 5. HP: 12/45 MP: 6/8
  3540 | D:4      | Noticed an ogre
  3551 | D:4      | Killed an ogre
  3621 | D:4      | Reached XP level 6. HP: 42/52 MP: 6/9
  4084 | D:2      | Killed Terence
  4312 | D:2      | Killed Crazy Yiuf
  4571 | D:5      | Entered Level 5 of the Dungeon
  4600 | D:5      | Reached XP level 7. HP: 42/61 MP: 8/11
  4730 | D:5      | Slain by an ice beast

Illustrated notes

Levels and vault maps discovered:
D:1:      erik_arrival_triangle_large, layout_basic, minivault_25,
          minmay_pentomino_r4
D:2:      layout_basic, basic_altar, grunt_ministairs_1, skrybe_limestone_x,
          uniq_terence, uniq_crazy_yiuf_cottage
D:3:      layout_loops_ring, kennysheep_decorative_pillar
D:4:      layout_basic, nicolae_shop_sticking_my_neck_out
D:5:      layout_loops_ring, grunt_temple_overflow_forces_of_nature,
          uniq_eustachio

Skill      XL: |  1  2  3  4  5  6 |
---------------+-------------------+-----
Poison Magic   | 1 2 3 |  3.4
Dodging        | 2 |  2.4
Transmutations | 3 4 |  4.0
Unarmed Combat | 4 |  4.5
Fighting       | 2 |  2.4
Spellcasting   | |  2.9

Action                   |  1- 3 |  4- 6 |  7- 9 || total
-------------------------+-------+-------+-------++-------
Melee: Unarmed           |    74 |    84 |    14 ||   172
       Headbutt          |     7 |     9 |     3 ||    19
       Punch             |     1 |     2 |       ||     3
 Cast: Beastly Appendage |    24 |    14 |     1 ||    39
       Wereblood         |     2 |     2 |     1 ||     5
       Spider Form       |       |     3 |       ||     3
 Abil: Spit Poison       |    42 |    18 |       ||    60
Armor: Robe              |    17 |    18 |     2 ||    37
Dodge: Dodged            |    44 |    41 |     5 ||    90
